 Dungeon Crawl Stone Soup version 0.16.1-16-gc44b35d (webtiles) character file.

82534 KarvaRausku the Severer (level 15, 138/139 HPs)
             Began as a Minotaur Gladiator on Apr 16, 2015.
             Was a High Priest of Okawaru.
             Drowned
             ... on level 1 of the Swamp.
             The game lasted 01:54:02 (28761 turns).

KarvaRausku the Severer (Minotaur Gladiator)       Turns: 28761, Time: 01:54:02

Health: 138/139    AC: 27    Str: 30    XL:     15   Next: 29%
Magic:  22/22      EV: 17    Int:  7    God:    Okawaru [*****.]
Gold:   2191       SH:  0    Dex: 20    Spells: 0 memorised, 14 levels left

rFire  + + .     SeeInvis +     b - +4 executioner's axe (elec)
rCold  + . .     Clarity  .     F - +1 plate armour {rF+}
rNeg   . . .     SustAb   .     (no shield)
rPois  .         Gourm    .     c - +0 hat
rElec  +         Spirit   .     E - +2 cloak {+Inv}
rCorr  .         Warding  .     N - +2 pair of gloves {Str+3}
rMut   .         Stasis   .     P - +1 pair of boots "Tho Meuh" {rElec rF- rC+ Int+2}
MR     ++...                    M - amulet of Woligun {Faith Str+4}
Stlth  ..........               L - ring of the Turtledove {rF++ MR+ Stlth-}
                                C - ring of Life {Dex+6 SInv}

@: confused, very resistant to hostile enchantments, extremely unstealthy
A: retaliatory headbutt, horns 2
a: Heroism, Finesse, Renounce Religion, Evoke Invisibility


You were on level 1 of the Swamp.
You worshipped Okawaru.
Okawaru was extremely pleased with you.
You were not hungry.

You visited 5 branches of the dungeon, and saw 25 of its levels.
You also visited: Labyrinth, Ossuary, Bailey and Volcano.

You collected 2717 gold pieces.
You spent 526 gold pieces at shops.

Inventory:

Hand weapons
 a - a +4 battleaxe of flaming
 b - a +4 executioner's axe of electrocution (weapon)
Missiles
 k - a javelin of returning (quivered)
 s - 5 javelins of penetration
 t - 24 tomahawks of returning
 x - 8 poisoned javelins
Armour
 c - a +0 hat (worn)
 E - a +2 cloak of invisibility (worn)
 F - a +1 plate armour of fire resistance (worn)
 K - a +2 pair of boots of stealth
 N - a +2 pair of gloves of strength (worn)
 P - the +1 pair of boots "Tho Meuh" (worn) {rElec rF- rC+ Int+2}
   (You found it in a bailey)

   It affects your intelligence (+2).
   It makes you vulnerable to fire.
   It protects you from cold.
   It insulates you from electricity.
Rods
 G - a +6 rod of ignition (14/14)
   (You took it off a minotaur in a labyrinth)
 R - a +1 rod of clouds (10/10)
   (You found it on level 6 of the Dungeon)
 U - a +6 rod of the swarm (9/9)
   (You found it on level 8 of the Lair of Beasts)
Jewellery
 C - the ring of Life (left hand) {Dex+6 SInv}
   (You found it on level 8 of the Lair of Beasts)

   [ring of see invisible]

   It affects your dexterity (+6).
   It enhances your eyesight.
 L - the ring of the Turtledove (right hand) {rF++ MR+ Stlth-}
   (You bought it in a shop on level 4 of the Orcish Mines)

   [ring of loudness]

   It greatly protects you from fire.
   It affects your resistance to hostile enchantments.
   It makes you less stealthy.
 M - the amulet of Woligun (around neck) {Faith Str+4}
   (You found it on level 8 of the Lair of Beasts)

   [amulet of faith]

   It allows you to gain divine favour quickly.
   It affects your strength (+4).
 Y - the ring "Chal" {+Inv MR+ Stlth+}
   (You found it in a labyrinth)

   [ring of invisibility]

   It affects your resistance to hostile enchantments.
   It lets you turn invisible.
   It makes you more stealthy.
Magical devices
 d - a wand of hasting (1)
 v - a wand of digging (11)
 S - a wand of fire (5)
 W - a wand of cold (8)
 X - a wand of heal wounds (0)
Scrolls
 e - 2 scrolls of recharging
 h - 2 scrolls of fear
 j - 2 scrolls of identify
 n - 2 scrolls of fog
 o - 14 scrolls of remove curse
 y - 7 scrolls of enchant armour
 A - 4 scrolls of teleportation
 B - a scroll of enchant weapon
 I - 2 scrolls of silence
Potions
 i - 10 potions of flight
 l - 5 potions of heal wounds
 m - 4 potions of agility
 p - 2 potions of resistance
 q - 7 potions of haste
 r - 4 potions of might
 u - a potion of cancellation
 z - 2 potions of curing
 H - 2 potions of restore abilities
Miscellaneous
 O - a plain deck of wonders
 T - an ornate deck of wonders
 V - a phial of floods
Comestibles
 f - 12 bread rations
 D - 8 meat rations
 Q - 20 fruits


   Skills:
 * Level 14.4 Fighting
 + Level 17.8 Axes
 + Level 8.4 Throwing
 * Level 14.2 Armour
 + Level 11.3 Dodging
 + Level 7.7 Evocations


You had 14 spell levels left.
You didn't know any spells.

Dungeon Overview and Level Annotations

Branches:
Dungeon (10/15)            Temple (1/1) D:5            Lair (8/8) D:9
  Swamp (2/5) Lair:6        Snake (0/5) Lair:3        Slime (0/6) Lair:6
    Orc (4/4) D:9             Elf (0/3) Orc:3

Altars:
Cheibriados
Dithmenos
Elyvilon
Fedhas
Gozag
Kikubaaqudgha
Makhleb
Nemelex Xobeh
Okawaru
Ru
Sif Muna
Trog
Vehumet
Xom
Yredelemnul
Zin
The Shining One
Jiyva

Shops:
D:10 [   Orc:2 }   Orc:4 [=(%


Innate Abilities, Weirdness & Mutations

You reflexively headbutt those who attack you in melee.
You have a pair of horns on your head.


Message History

Where to? (Enter - Swamp:2, ? - help)
What level of the Dungeon? (default 9, ? - help) All of the chunks of flesh in your inventory have rotted away.
You enter the shallow water.
Moving in this stuff is going to be slow.
HP restored.
A swamp drake comes into view.
The swamp drake roars!
The swamp drake breathes noxious fumes at you.
The noxious blast engulfs you!
You are engulfed in noxious fumes.
You choke on the stench!
You are confused.
The swamp drake breathes noxious fumes at you.
The noxious blast misses you.
Are you sure you want to stumble around while confused and next to deep water? [Y]es or [N]o only, please.
Are you sure you want to stumble around while confused and next to deep water?
You fall into the water!
You sink like a stone!
You drown...
You die...

≈♣ ♣.≈.♣.♣ ♣.♣.♣ ♣♣≈♣ ≈♣
♣...≈.♣♣♣≈≈♣♣ ♣♣♣♣ ♣..♣ .♣♣
♣♣.≈♣≈.≈≈....♣♣♣♣..♣ ♣≈.≈ ..♣
♣≈.≈≈≈≈≈≈≈♣...♣♣...♣♣ ♣≈.♣ ..♣♣
♣≈≈≈♣....k♣..♣...≈≈.♣♣♣≈.♣ ...♣
♣≈.≈..♣.♣§♣§§≈≈≈.≈≈≈♣♣...♣ ♣.≈♣♣
♣♣..≈.♣♣§§§§§♣≈.≈....♣♣...♣
♣.≈≈♣♣♣.≈≈≈≈♣.≈♣§§♣♣♣.≈≈♣..♣♣..♣♣
♣.≈≈♣♣..♣≈≈♣♣♣.§@§♣ ♣.≈.....≈≈.♣♣
♣♣≈..♣♣..≈♣♣ ♣§§§§♣ ♣.≈.♣.≈≈≈≈..♣
♣...♣....♣ ♣.§§♣♣ ♣≈≈.♣≈≈≈≈♣...
♣♣....♣.♣♣ ♣.≈§♣ ♣≈≈.♣♣.≈.....
♣.≈♣≈≈.♣ ♣≈≈.♣ ♣.≈♣♣♣..♣♣...
♣≈≈♣≈≈.♣ ♣≈..♣ ♣..♣♣♣.≈♣♣♣..
♣♣≈≈.♣≈.♣ ♣≈≈♣♣ ♣..♣♣.≈≈.♣♣..
♣..♣....♣ ♣..♣ ♣♣..♣♣...♣♣♣♣≈
♣.≈≈.♣≈≈♣♣ ♣..♣ ♣...♣≈≈.♣♣ ♣..


You could see a swamp drake.

Vanquished Creatures
  Aizul (Swamp:2)
  5 dire elephants (Lair:8)
  A minotaur (Lab)
  Fannar (Orc:2)
  Harold (Lair:8)
  A ghost crab (Swamp:2)
  3 catoblepae
  An alligator (Swamp:1)
  An anaconda (Lair:8)
  9 hydras
  An ogre mage (Volcano)
  8 death yaks
  3 orc high priests (Orc:4)
  2 shambling mangroves
  A swamp dragon (Swamp:1)
  A spectral hydra (Swamp:2)
  3 griffons
  8 orc knights
  3 orc sorcerers (Orc:4)
  A spectral alligator (Swamp:2)
  3 hill giants
  4 lindwurms (Lair:8)
  11 black mambas
  19 elephants
  A spectral spriggan (Swamp:2)
  14 spiny frogs
  A queen ant (Lair:6)
  2 centaur skeletons (D:10)
  4 komodo dragons
  5 fire drakes
  3 two-headed ogres
  3 polar bears
  3 trolls
  5 giant leeches
  3 ravens (Swamp:1)
  25 blink frogs
  3 bog bodies (Swamp:1)
  A wyvern (Lair:8)
  2 basilisks
  A shadow (Swamp:2)
  10 yaks (Lair:8)
  A spriggan (D:8)
  Eustachio (D:7)
  2 vampire mosquitoes (Swamp:1)
  6 hippogriffs
  4 wandering mushrooms (Lab)
  Grum (D:8)
  5 soldier ants (Lair:6)
  22 wolves
  Edmund (D:7)
  4 insubstantial wisps (Swamp:2)
  5 wargs
  3 swamp worms
  19 water moccasins
  3 porcupines
  29 orc warriors
  2 phantoms
  5 sky beasts
  3 ice beasts
  2 swamp drakes
  9 ogres
  An eye of draining (D:10)
  17 crocodiles
  A boring beetle (Lair:7)
  A gnoll sergeant (D:8)
  14 giant frogs
  Blork the orc (D:4)
  A big kobold (D:8)
  12 scorpions
  A water moccasin skeleton (D:7)
  8 killer bees
  A spectral crocodile (Swamp:2)
  A yak skeleton (Orc:4)
  15 hounds
  A spectral wasp (Swamp:2)
  3 crimson imps
  3 goliath beetles
  A quasit (D:7)
  4 centaur zombies (Ossuary)
  19 orc priests
  A giant frog skeleton (D:9)
  4 jellies
  Crazy Yiuf (D:4)
  2 human zombies (Ossuary)
  21 orc wizards
  Natasha (twice) (D:4)
  3 iguanas
  31 worker ants
  5 big kobold zombies (Ossuary)
  Ijyb (D:2)
  2 hound skeletons
  3 mummies (Ossuary)
  9 gnolls
  A worker ant zombie (D:10)
  10 adders
  77 river rats
  A giant mite (D:3)
  3 shadow imps
  4 worms
  An adder zombie (D:5)
  3 oozes
  146 orcs
  5 ball pythons
  19 bats
  3 bat skeletons (D:4)
  9 giant cockroaches
  19 goblins
  19 hobgoblins
  10 jackals
  35 kobolds
  12 quokkas
  3 giant geckos
  5 giant newts
  A giant spore (Orc:1)
  2 gnoll zombies (Ossuary)
  2 goblin zombies (Ossuary)
  2 hobgoblin zombies (Ossuary)
  2 kobold zombies (Ossuary)
  6 orc zombies
  A quokka skeleton (D:4)
  12 rats
  8 rat skeletons (Orc:4)
  5 ballistomycetes
  12 fungi
  17 plants
950 creatures vanquished.

Vanquished Creatures (collateral kills)
  A blink frog (Lair:6)
  An iguana (Lair:1)
  A plant (Lair:6)
3 creatures vanquished.

Vanquished Creatures (others)
  A water moccasin (Swamp:2)
  An ice beast (D:8)
  A scorpion (Ossuary)
  4 killer bees (D:8)
  An orc (D:3)
  2 giant cockroaches
  2 giant spores
  6 fungi
  4 plants
22 creatures vanquished.

Grand Total: 975 creatures vanquished

Notes
Turn   | Place    | Note
--------------------------------------------------------------
     0 | D:1      | KarvaRausku, the Minotaur Gladiator, began the quest for the Orb.
     0 | D:1      | Reached XP level 1. HP: 18/18 MP: 1/1
    99 | D:1      | Reached skill level 4 in Axes
   234 | D:1      | Reached XP level 2. HP: 20/25 MP: 1/1
   982 | D:2      | Reached skill level 5 in Axes
  1255 | D:2      | Reached XP level 3. HP: 19/30 MP: 2/2
  1998 | D:2      | Reached XP level 4. HP: 24/37 MP: 2/2
  2048 | D:2      | Reached skill level 6 in Axes
  2263 | D:2      | Noticed Ijyb
  2278 | D:2      | Killed Ijyb
  2372 | D:3      | Noticed an orc warrior
  2768 | D:3      | Noticed a phantom
  2791 | D:3      | Killed a phantom
  2791 | D:3      | Reached skill level 7 in Axes
  2791 | D:3      | Reached XP level 5. HP: 13/42 MP: 2/2
  2981 | D:3      | Reached skill level 8 in Axes
  2985 | D:3      | Reached XP level 6. HP: 41/50 MP: 3/3
  3019 | D:3      | Noticed a giant frog
  3022 | D:3      | Found a sparkling altar of Nemelex Xobeh.
  3030 | D:3      | Killed a giant frog
  3235 | D:4      | Found a sand-covered staircase.
  3243 | Ossuary  | Entered an ossuary
  3266 | Ossuary  | Reached skill level 9 in Axes
  3408 | Ossuary  | Reached XP level 7. HP: 56/56 MP: 3/3
  3442 | Ossuary  | Reached skill level 10 in Axes
  3849 | Ossuary  | Reached skill level 11 in Axes
  4051 | Ossuary  | Reached XP level 8. HP: 46/62 MP: 3/3
  4482 | D:4      | Noticed Blork the orc
  4486 | D:4      | Reached skill level 12 in Axes
  4488 | D:4      | Killed Blork the orc
  4692 | D:4      | Found a burning altar of Makhleb.
  4889 | D:4      | Noticed Crazy Yiuf
  4896 | D:4      | Killed Crazy Yiuf
  5034 | D:4      | Noticed Natasha
  5037 | D:4      | Killed Natasha
  5161 | D:5      | Entered Level 5 of the Dungeon
  5280 | D:4      | Noticed Natasha
  5288 | D:4      | Killed Natasha
  5288 | D:4      | Reached skill level 13 in Axes
  5775 | D:5      | Reached skill level 1 in Armour
  5996 | D:5      | Found a staircase to the Ecumenical Temple.
  6031 | Temple   | Entered the Ecumenical Temple
  6066 | Temple   | Became a worshipper of Warmaster Okawaru
  6300 | D:5      | Reached XP level 9. HP: 70/70 MP: 4/4
  8030 | D:7      | Noticed Eustachio
  8040 | D:7      | Killed Eustachio
  8227 | D:7      | Acquired Okawaru's first power
  8227 | D:7      | Reached skill level 5 in Fighting
  8236 | D:7      | Reached skill level 14 in Axes
  8247 | D:7      | Reached skill level 5 in Dodging
  8381 | D:7      | Found a basalt altar of Yredelemnul.
  8504 | D:7      | Noticed Edmund
  8516 | D:7      | Killed Edmund
  8609 | D:7      | Got a smelly ring mail
  8610 | D:7      | Identified the cursed -4 ring mail of Tweogg {rF- MR- Dex+7 Stlth+} (You found it on level 7 of the Dungeon)
  8898 | D:8      | Found a sacrificial altar of Ru.
  8981 | D:8      | Reached XP level 10. HP: 56/82 MP: 4/4
  9341 | D:8      | Noticed a hill giant
  9354 | D:8      | Reached skill level 5 in Armour
  9357 | D:8      | Killed a hill giant
  9668 | D:7      | Found an opulent altar of Gozag.
  9814 | D:8      | Noticed Grum
  9818 | D:8      | Reached skill level 15 in Axes
  9830 | D:8      | Killed Grum
 11421 | D:9      | Found a staircase to the Orcish Mines.
 11462 | D:9      | Found a staircase to the Lair.
 11810 | D:10     | Entered Level 10 of the Dungeon
 11821 | D:10     | Noticed an orc knight
 12134 | D:10     | Reached XP level 11. HP: 92/92 MP: 4/4
 12191 | D:10     | Found Sugokkoiko's Antique Armour Shop.
 12195 | D:10     | Found a flagged portal.
 12220 | Bailey   | Entered a bailey
 12692 | Bailey   | Got a pair of pitted boots
 12698 | Bailey   | Identified the +1 pair of boots "Tho Meuh" {rElec rF- rC+ Int+2} (You found it in a bailey)
 13146 | D:10     | Acquired Okawaru's second power
 13368 | Orc:1    | Entered Level 1 of the Orcish Mines
 13788 | Orc:1    | Reached skill level 16 in Axes
 14191 | Orc:2    | Noticed Fannar
 14483 | Lair:1   | Entered Level 1 of the Lair of Beasts
 14737 | Lair:1   | Received a gift from Okawaru
 15050 | Lair:1   | Got a faintly glowing helmet
 15058 | Lair:1   | Identified the +0 helmet of Patience {Regen+} (You found it on level 1 of the Lair of Beasts)
 15244 | Lair:2   | Found a labyrinth entrance.
 15266 | Lab      | Entered a labyrinth
 15654 | Lab      | Noticed a minotaur
 15661 | Lab      | Killed a minotaur
 15661 | Lab      | Reached skill level 1 in Evocations
 15682 | Lab      | Got a scorched tin ring
 15683 | Lab      | Got an ancient falchion
 15685 | Lab      | Got a shimmering robe
 15695 | Lair:2   | Identified the ring "Chal" {+Inv MR+ Stlth+} (You found it in a labyrinth)
 15714 | Lair:2   | Identified the +2 robe of the Comet {rN++ rCorr} (You found it in a labyrinth)
 15867 | Lair:2   | Identified the cursed +0 falchion of Eternal Vigilance {slice, +Blink rElec Dex-2} (You found it in a labyrinth)
 16657 | Lair:3   | Noticed a catoblepas
 16822 | Lair:2   | Killed a catoblepas
 16822 | Lair:2   | Reached XP level 12. HP: 48/104 MP: 9/9
 17291 | Lair:3   | Noticed a four-headed hydra
 17298 | Lair:3   | Killed a one-headed hydra
 17392 | Lair:3   | Reached skill level 5 in Throwing
 17641 | Lair:3   | Found a staircase to the Snake Pit.
 17654 | Lair:3   | Reached skill level 10 in Fighting
 17956 | Lair:3   | Received a gift from Okawaru
 17964 | Lair:3   | Reached skill level 10 in Armour
 17982 | Lair:3   | Identified a +1 rod of clouds (10/10) (You found it on level 6 of the Dungeon)
 17983 | Lair:3   | Identified a +6 rod of ignition (14/14) (You took it off a minotaur in a labyrinth)
 18109 | Lair:3   | Received a gift from Okawaru
 18659 | Lair:4   | Noticed a six-headed hydra
 18666 | Lair:4   | Killed a two-headed hydra
 19321 | Lair:5   | Reached XP level 13. HP: 114/116 MP: 13/13
 19409 | Lair:5   | Received a gift from Okawaru
 19421 | Lair:5   | Received a gift from Okawaru
 19431 | Lair:5   | Got a faintly glowing battleaxe {god gift}
 19432 | Lair:5   | Identified the -2 battleaxe "Lyesir" {chop, rF- rN+ Dex+4} (Okawaru gifted it to you on level 5 of the Lair of Beasts)
 20099 | Lair:6   | Reached skill level 17 in Axes
 20390 | Lair:6   | Found a viscous altar of Jiyva.
 20390 | Lair:6   | Found a staircase to the Slime Pits.
 20405 | Lair:6   | Received a gift from Okawaru
 20511 | Lair:6   | Found a staircase to the Swamp.
 20543 | Lair:6   | Reached skill level 10 in Dodging
 20551 | Lair:6   | Received a gift from Okawaru
 20551 | Lair:6   | Reached skill level 5 in Evocations
 21387 | Lair:7   | Found a dark tunnel.
 21407 | Volcano  | Entered a volcano
 21983 | Lair:8   | Entered Level 8 of the Lair of Beasts
 21986 | Lair:8   | Received a gift from Okawaru
 22066 | Lair:8   | Received a gift from Okawaru
 22068 | Lair:8   | Reached XP level 14. HP: 87/127 MP: 18/18
 22071 | Lair:8   | Got an ancient longbow {god gift}
 22328 | Lair:8   | Noticed Harold
 22339 | Lair:8   | Killed Harold
 22421 | Lair:8   | Received a gift from Okawaru
 22543 | Lair:8   | Received a gift from Okawaru
 23327 | Lair:8   | Received a gift from Okawaru
 23388 | Lair:8   | Identified the -1 longbow of Jioteoti {velocity, -Cast Str+6 Stlth+} (Okawaru gifted it to you on level 8 of the Lair of Beasts)
 23392 | Lair:8   | Got a steaming lead ring
 23393 | Lair:8   | Identified the ring of Life {Dex+6 SInv} (You found it on level 8 of the Lair of Beasts)
 23786 | Lair:8   | Got a wavering ruby amulet
 23788 | Lair:8   | Identified the amulet of Woligun {Faith Str+4} (You found it on level 8 of the Lair of Beasts)
 23989 | Lair:8   | Received a gift from Okawaru
 24435 | Orc:2    | Killed Fannar
 24557 | Orc:2    | Received a gift from Okawaru
 24559 | Orc:2    | Found Thraak's Gadget Shoppe.
 25493 | Orc:3    | Found a staircase to the Elven Halls.
 25627 | Orc:4    | Entered Level 4 of the Orcish Mines
 25678 | Orc:4    | Found a bloodstained altar of Trog.
 26156 | Orc:4    | Received a gift from Okawaru
 26175 | Orc:4    | Reached XP level 15. HP: 120/138 MP: 21/21
 26179 | Orc:4    | Found Kazocaul's Food Shop.
 26181 | Orc:4    | Found Odotaw's Antique Armour Emporium.
 26183 | Orc:4    | Found Ugaapned's Jewellery Emporium.
 26184 | Orc:4    | Found Throkhliucs' Antique Weapon Shop.
 26238 | Orc:4    | Identified a +6 rod of the swarm (9/9) (You found it on level 8 of the Lair of Beasts)
 26294 | Orc:4    | Bought the ring of the Turtledove {rF++ MR+ Stlth-} for 526 gold pieces
 26646 | Swamp:1  | Entered Level 1 of the Swamp
 28048 | Swamp:2  | Noticed Aizul
 28071 | Swamp:2  | Killed Aizul
 28761 | Swamp:1  | Drowned

Action                   |  1- 3 |  4- 6 |  7- 9 | 10-12 | 13-15 || total
-------------------------+-------+-------+-------+-------+-------++-------
Melee: War axe           |    96 |   121 |    98 |       |       ||   315
       Battleaxe         |       |       |   272 |   737 |   179 ||  1188
       Unarmed           |       |       |       |     5 |     6 ||    11
       Executioner's axe |       |       |       |       |   574 ||   574
Throw: Throwing net      |     1 |       |       |     1 |     1 ||     3
       Tomahawk          |       |       |       |    77 |    25 ||   102
       Javelin           |       |       |       |       |    21 ||    21
Invok: Heroism           |       |       |       |     3 |     1 ||     4
 Abil: Evoke Flight      |       |       |       |       |     1 ||     1
Evoke: Deck              |       |       |       |     3 |     2 ||     5
       Wand              |       |       |       |     1 |     6 ||     7
       Rod               |       |       |       |       |     1 ||     1
  Use: Scroll            |       |     3 |     3 |    26 |    11 ||    43
       Potion            |       |       |       |     4 |     5 ||     9
 Stab: Invisible         |       |       |     1 |       |       ||     1
  Eat: Chunk             |     3 |     4 |    16 |    25 |    24 ||    72
       Beef jerky        |       |       |     1 |     1 |       ||     2
       Pizza             |       |       |     1 |     1 |       ||     2
       Meat ration       |       |       |       |     1 |       ||     1
       Royal jelly       |       |       |       |       |     1 ||     1
       Bread ration      |       |       |       |       |     2 ||     2
